Map: [TLMC14] Blackburn

Players

Rogue

  • Race: Zerg Zerg

SpeCial - Winner!

  • Race: Terran Terran

Event: DreamHack SC2 Masters 2021 Winter

VOD

Have the link to the VOD?

Description

Time

  • Played on: Nov. 11, 2021, 12:09 p.m.
  • Length: 10:51

All games in this series

Show
View Real Time Build Order
Export as new Build Order

Rogue Zerg 

Build Orders: Hatch First 

Get SALT Encoding   

  12  0:00  Drone  
  13  0:12  Overlord  
  13  0:17  Drone  
  14  0:31  Drone x2  
  16  0:49  Hatchery  
  15  0:51  Drone  
  15  0:55  Drone  
  17  0:58  Drone  
  18  1:09  Extractor  
  17  1:14  Spawning Pool  
  17  1:16  Drone  
  17  1:20  Drone  
  18  1:29  Drone  
  19  1:39  Drone  
  20  1:50  Drone  
  21  2:01  Queen x2  
  21  2:02  Zergling x4  
  27  2:12  Overlord  
  27  2:13  Zergling x2  
  28  2:17  Extractor  
  27  2:24  Zergling x2  
  28  2:34  Drone  
  28  2:35  Drone x2, Metabolic Boost  
  31  2:46  Drone  
  31  2:47  Queen  
  34  2:51  Overlord  
  34  2:58  Drone x2  
  36  3:10  Drone x2  
  36  3:12  Drone x3  
  41  3:25  Hatchery  
  40  3:28  Drone x2  
  40  3:30  Drone  
  43  3:34  Overlord  
  43  3:38  Drone  
  44  3:42  Overlord  
  44  3:52  Queen x2  
  48  3:56  Drone x2  
  48  3:57  Overlord  
  50  4:06  Drone x3  
  50  4:07  Drone x2  
  55  4:16  Drone  
  55  4:17  Drone  
  56  4:24  Evolution Chamber  
  56  4:25  Drone  
  56  4:26  Drone x4  
  56  4:27  Evolution Chamber  
  59  4:32  Overlord  
  59  4:33  Queen  
  59  4:36  Queen  
  63  4:39  Queen  
  63  4:45  Drone x4  
  69  4:49  Drone x2  
  69  4:50  Drone  
  72  4:55  Zerg Ground Armor Level 1  
  72  4:56  Zerg Melee Weapons Level 1  
  72  4:59  Overlord  
  72  5:02  Extractor  
  72  5:03  Drone  
  72  5:04  Drone x3  
  72  5:07  Spore Crawler  
  74  5:10  Queen  
  76  5:16  Zergling x2  
  76  5:17  Zergling x12  
  76  5:18  Zergling x2  
  76  5:21  Overlord  
  85  5:23  Queen  
  87  5:28  Extractor x2  
  87  5:29  Zergling x4  
  87  5:31  Lair  
  87  5:33  Overlord  
  87  5:37  Overlord  
  81  5:42  Zergling x2  
  81  5:43  Zergling x8  
  81  5:46  Queen  
  81  5:47  Zergling x2  
  81  5:49  Zergling x2  
  79  5:50  Zergling x4  
  79  5:52  Zergling x2  
  79  5:55  Zergling x4  
  74  5:57  Zergling x2  
  74  5:59  Queen  
  74  6:02  Baneling Nest  
  76  6:07  Zergling x4  
  76  6:10  Zergling x2  
  79  6:13  Drone  
  79  6:15  Drone x2  
  82  6:18  Zergling x2  
  82  6:19  Zergling x2  
  82  6:21  Queen  
  86  6:26  Zergling x8  
  86  6:30  Queen  
  86  6:31  Hatchery  
  91  6:37  Zergling x10  
  93  6:41  Zergling x2  
  93  6:44  Zergling x2  
  89  6:48  Zergling x2, Centrifugal Hooks  
  89  6:49  Queen  
  89  6:51  Baneling x5  
  89  6:53  Zergling x6  
  91  6:57  Queen  
  91  6:58  Zergling x6  
  93  7:02  Zergling x6  
  93  7:08  Overlord  
  93  7:15  Drone  
  93  7:16  Drone x2  
  93  7:19  Drone x2  
  93  7:20  Overlord  
  93  7:22  Overlord  
  98  7:25  Overlord  
  98  7:39  Zergling x8  
  98  7:40  Hatchery  
  92  7:47  Zergling x18  
  100  7:54  Zergling x2  
  100  7:57  Zergling x4  
  103  8:00  Baneling  
  103  8:01  Baneling x19  
  103  8:03  Zergling x6  
  103  8:05  Zergling x2  
  107  8:06  Zergling x2  
  107  8:09  Zergling x2  
  107  8:10  Zergling x2, Baneling  
  107  8:11  Baneling x3  
  109  8:18  Zergling x6  
  110  8:25  Zergling x2  
  110  8:26  Zergling x8  
  95  8:28  Zergling x2  
  95  8:29  Zergling x6, Queen  
  95  8:31  Baneling x4  
  95  8:32  Baneling  
  100  8:35  Baneling x3  
  100  8:38  Zergling x2  
  100  8:39  Zergling x4  
  98  8:41  Zergling x4  
  98  8:42  Queen  
  93  8:52  Zergling x14  
Show
View Real Time Build Order
Export as new Build Order

SpeCial Terran - Winner!

Build Orders: Reaper Expand 

Get SALT Encoding   

  12  0:00  SCV  
  13  0:12  SCV  
  14  0:17  Supply Depot  
  14  0:24  SCV  
  15  0:39  SCV  
  15  0:40  Barracks  
  16  0:46  Refinery  
  16  0:51  SCV  
  17  1:03  SCV  
  18  1:15  SCV  
  19  1:28  Orbital Command  
  19  1:29  Reaper  
  20  1:44  Command Center  
  20  1:50  Bunker  
  20  1:55  SCV  
  21  2:08  Barracks  
  21  2:09  SCV  
  22  2:21  SCV  
  22  2:22  Supply Depot  
  23  2:29  Barracks  
  24  2:44  SCV  
  24  2:48  Barracks  
  24  2:54  Barracks  
  24  2:56  SCV, Barracks Tech Lab  
  24  2:57  Orbital Command  
  25  3:03  Barracks Reactor  
  25  3:08  SCV  
  26  3:14  Marine  
  26  3:15  Stimpack  
  26  3:16  Marine  
  28  3:20  SCV  
  28  3:23  SCV  
  28  3:25  Supply Depot  
  30  3:32  SCV, Marine  
  32  3:34  Marine  
  32  3:35  SCV, Barracks Tech Lab  
  32  3:40  Marine  
  35  3:44  SCV, Marine  
  35  3:45  Marine  
  35  3:47  SCV  
  39  3:50  Supply Depot, Marine  
  39  3:52  Marine  
  39  3:53  Combat Shield  
  41  3:55  Marine  
  41  3:58  Marine  
  41  3:59  SCV x2  
  41  4:02  Marine  
  46  4:04  Marine  
  46  4:08  Marine  
  47  4:11  SCV  
  47  4:13  Factory  
  47  4:15  SCV  
  49  4:17  Marine x2  
  49  4:18  Marine  
  49  4:21  Refinery  
  49  4:23  SCV  
  53  4:24  Supply Depot  
  53  4:27  SCV  
  54  4:35  SCV, Engineering Bay  
  54  4:36  Marine x3  
  54  4:37  Marine  
  59  4:39  Marine  
  59  4:40  Marine  
  59  4:42  SCV  
  62  4:47  SCV  
  62  4:48  Supply Depot  
  63  4:54  SCV  
  63  4:56  Starport, Refinery  
  63  4:58  Factory Reactor  
  64  5:01  Marine x2  
  64  5:02  Marine x2  
  64  5:03  Marine  
  64  5:04  Marine  
  70  5:08  Terran Infantry Weapons Level 1  
  70  5:10  Supply Depot  
  70  5:12  SCV x2  
  72  5:18  Refinery  
  72  5:24  SCV  
  72  5:25  SCV, Barracks Reactor  
  72  5:26  Barracks Reactor  
  74  5:31  Supply Depot, Marine x2  
  76  5:36  SCV  
  76  5:37  SCV  
  75  5:46  Marine x2  
  75  5:49  SCV x2  
  76  5:54  Marine  
  76  5:57  Supply Depot  
  69  6:00  Supply Depot  
  69  6:01  SCV x2  
  69  6:02  Medivac x2  
  69  6:03  Marine x5  
  80  6:05  Barracks Reactor  
  80  6:06  Marine  
  80  6:12  Marine  
  80  6:15  Siege Tank  
  85  6:21  Marine x3  
  85  6:22  Marine  
  85  6:23  Marine x2  
  90  6:28  Supply Depot  
  90  6:30  Marine  
  91  6:34  Medivac x2  
  91  6:39  Marine x3  
  96  6:40  Marine  
  96  6:41  Marine  
  96  6:42  Marine x3  
  93  6:49  Siege Tank  
  93  6:52  SCV  
  96  6:57  Marine  
  96  6:58  Marine  
  96  6:59  Marine  
  98  7:04  Marine x5  
  98  7:06  Marine  
  102  7:11  Medivac  
  102  7:13  Medivac  
  106  7:18  Supply Depot, Marine  
  107  7:25  Marine x3  
  107  7:26  Supply Depot  
  107  7:28  Marine  
  111  7:31  Marine  
  111  7:32  Marine  
  111  7:34  Marine  
  114  7:38  Siege Tank  
  114  7:44  Marine x5  
  113  7:46  Marine  
  113  7:50  Liberator  
  121  7:53  Liberator  
  124  7:59  Marine  
  124  8:00  Marine x2  
  124  8:01  Marine  
  124  8:02  Marine  
  129  8:07  Marine x3  
  129  8:10  Marine  
  133  8:17  Marine  
  133  8:19  Marine  
  134  8:21  Marine x2  
  114  8:27  Marine  
  114  8:29  Siege Tank, Marine x3  
  121  8:35  Liberator  
  121  8:36  Liberator  
  124  8:42  Marine  
  124  8:45  Marine x2  
  127  8:49  Marine  
  120  9:01  Siege Tank  

Tags
 
Add a new tag
Caveats
  • Supply blocks, unpowered buildings, or Contaminate may cause inaccurate times.
  • Supply counts are checked every 10 seconds.